 Dungeon Crawl Stone Soup version 0.31-a0-986-g5e6e4ef867 (webtiles) character file.

Game seed: 16762144099187625526

60 Dittersdorf the Shield-Bearer (level 4, -2/34 (35) HPs)
             Began as a Human Fighter on Nov 9, 2023.
             Succumbed to Crazy Yiuf's poison
             ... on level 2 of the Dungeon.
             The game lasted 00:01:20 (1368 turns).

Dittersdorf the Shield-Bearer (Human Fighter)       Turns: 1368, Time: 00:01:20

HP:   -2/34 (35)    AC:  6    Str: 19    XL:     4   Next: 25%
MP:   4/4           EV:  9    Int:  8    God:
Gold: 124           SH:  9    Dex: 12    Spells: 3/3 levels left

rFire   . . .        a - +0 long sword
rCold   . . .        c - +0 buckler
rNeg    . . .        b - +0 scale mail
rPois   .            (no helmet)
rElec   .            (no cloak)
rCorr   .            (no gloves)
SInv    .            (no boots)
Will    .....        k - amulet of reflection Stlth
                     (no ring)
HPRegen 0.25/turn    (no ring)
MPRegen 0.09/turn

%: reflection
@: lethally poisoned (-2 -> -23), lightly drained
A: no striking features
a: no special abilities


You were on level 2 of the Dungeon.
You visited 1 branch of the dungeon, and saw 2 of its levels.

You collected 124 gold pieces.

Inventory:

Hand Weapons
 a - a +0 long sword (weapon)
Missiles
 h - 4 curare-tipped darts (quivered)
Armour
 b - a +0 scale mail (worn)
 c - a +0 buckler (worn)
Jewellery
 k - an amulet of reflection (around neck)
 p - a ring of willpower
Scrolls
 e - 2 scrolls of revelation {unknown}
 g - a scroll of noise {unknown}
 i - 2 scrolls of enchant weapon {unknown}
 l - a scroll of silence {unknown}
 m - a scroll of immolation {unknown}
 o - a scroll of identify {unknown}
Potions
 d - a potion of might
 f - 2 potions of haste {unknown}
 j - a potion of resistance {unknown}
 n - a potion of attraction {unknown}


   Skills:
 + Level 3.4 Fighting
 + Level 2.7 Long Blades
 + Level 3.5 Armour
 + Level 3.5 Shields


You had 3 spell levels left.
You didn't know any spells.
Your spell library contained the following spells:

 Spells                   Type           Power      Damage    Failure   Level
 Tukima's Dance           Hex            0%         N/A       99%         3
 Dimensional Bullseye     Hex/Tloc       0%         N/A       100%        4
 Iskenderun's Mystic Bla  Conj/Tloc      0%         2d3       100%        4
 Olgreb's Toxic Radiance  Pois           0%         N/A       100%        4
 Discord                  Hex            0%         N/A       100%        8
 Ignition                 Fire           0%         3d3       100%        8


Dungeon Overview and Level Annotations

Branches:
Dungeon (2/15)

Altars:

Annotations:
D:2 Crazy Yiuf


Message History

Done exploring.
Done exploring.
Done exploring.
What level of the Dungeon? (default 1, ? - help)
You see here a flux talisman.
There is a stone staircase leading down here.
You climb downwards.
There is a stone staircase leading up here.
You see here a bat skeleton.
Found a hammer.
Found a runed translucent door.
Crazy Yiuf cries, "Mama shrimp cower!"
Could not explore, unopened runed door.
Could not explore, unopened runed door.
You open the door.
Throw: 5 darts (curare)
Press: ? - help, Q - select action Shift-Dir - straight line, f - Crazy Yiuf
Aim: Crazy Yiuf, wielding a +3 quarterstaff of chaos and wearing a +0 cloak (58% to hit)
You throw a curare-tipped dart. The curare-tipped dart hits Crazy Yiuf.
Crazy Yiuf is poisoned.
Crazy Yiuf convulses.
Crazy Yiuf seems to slow down.
Crazy Yiuf is heavily wounded.
Crazy Yiuf hits you with a +3 quarterstaff of chaos.
You are poisoned.
You hit Crazy Yiuf.
Crazy Yiuf is heavily wounded.
You feel sick.
Crazy Yiuf hits you with a +3 quarterstaff of chaos!
You are lethally poisoned!
You hit Crazy Yiuf but do no damage.
Crazy Yiuf is heavily wounded.
* * * LOW HITPOINT WARNING * * *
You feel extremely sick.
Crazy Yiuf laughs, "Castle tea arga!"
Crazy Yiuf hits you with a +3 quarterstaff of chaos.
* * * LOW HITPOINT WARNING * * *
You feel drained.
* * * LOW HITPOINT WARNING * * *
You closely miss Crazy Yiuf.
Crazy Yiuf is severely wounded.
You die...

.#.........####....####
.........### ##..##
...........# ♣....♣
.......#.### ♣♣...♣
.##.####.# ♣♣.♣♣
.##....#.# ♣♣.♣
###.##.#.# ♣.♣♣
#......# ♣♣.♣ ####.###
♣@♣♣ ##...# #g# #....#
... #....# #...# #.####
#)..# #.# ##### #.# #.#
####.#


You could see Crazy Yiuf (very poisoned, slow).

Vanquished Creatures
  An adder (D:2)
  3 worms (D:2)
  4 dart slugs
  5 ball pythons
  3 endoplasms
  A giant cockroach (D:2)
  2 goblins
  A hobgoblin (D:2)
  A quokka (D:2)
  4 bats
  5 kobolds
  6 rats
36 creatures vanquished.

Notes
Turn   | Place    | Note
-------+----------+-------------------------------------------
     0 | D:1      | Dittersdorf the Human Fighter began the quest for the Orb.
     0 | D:1      | Reached XP level 1. HP: 18/18 MP: 1/1
   150 | D:1      | Reached XP level 2. HP: 21/24 MP: 2/2
   575 | D:1      | You fall into a shaft and drop 1 floor!
   622 | D:2      | Reached XP level 3. HP: 29/29 MP: 3/3
   998 | D:2      | Reached XP level 4. HP: 35/35 MP: 4/4
  1066 | D:2      | Found a faded altar of an unknown god.
  1360 | D:2      | Found a runed translucent door.
  1361 | D:2      | Noticed Crazy Yiuf
  1368 | D:2      | Succumbed to Crazy Yiuf's poison

Illustrated notes

Levels and vault maps discovered:
D:1:      lightli_iron_boxes, layout_loops_ring
D:2:      layout_loops_cross, ebering_ecumenical_altar_mist,
          minmay_tromino_v4_c, uniq_crazy_yiuf_cottage

Action                     |  1- 3 |  4- 6 || total
---------------------------+-------+-------++-------
  Melee: Long sword        |    82 |    20 ||   102
  Throw: Dart              |       |     1 ||     1
 Armour: Scale mail        |    59 |     5 ||    64
  Dodge: Dodged            |    27 |     1 ||    28
  Block: Buckler           |    18 |     8 ||    26

Table legend: (Time is in decaauts)
 A = Elapsed time spent in this place.
 B = Non-inter-level travel time spent in this place.
 C = Inter-level travel time spent in this place.
 D = Time resting spent in this place.
 E = Time spent auto-exploring this place.
 F = Levels seen in this place.
 G = Mean time per level.
                   A        B        C        D        E       F      G
               +--------+--------+--------+--------+--------+-----+--------+
         Total |   1400 |   1383 |     17 |      0 |   1080 |   2 |  700.0 |
       Dungeon |   1400 |   1383 |     17 |      0 |   1080 |   2 |  700.0 |
               +--------+--------+--------+--------+--------+-----+--------+

Top non-repeatable levels by time:
     D:2: 719 daAuts
     D:1: 680 daAuts
